 Dungeon Crawl Stone Soup version 0.30-a0-711-gf4ac18a38d (webtiles) character file.

Game seed: 492465113523501751

142815 ASSMAN the Slayer (level 16, -4/167 (169) HPs)
             Began as a Red Draconian Warper on Jan 22, 2023.
             Was the Champion of Zin.
             Slain by a profane servitor
             ... wielding a +3 whip of pain
              (15 damage)
             ... on level 2 of the Swamp on Jan 23, 2023.
             The game lasted 01:18:44 (38654 turns).

ASSMAN the Slayer (Red Draconian Warper)           Turns: 38654, Time: 01:18:45

HP:   -4/167 (169)  AC: 23    Str: 20      XL:     16   Next: 81%
MP:   30/31         EV: 19    Int: 12 (14) God:    Zin [******]
Gold: 1228          SH: 12    Dex: 15      Spells: 17/19 levels left

rFire   + + .      SeeInvis +    Q - +10 scimitar "Firchaimm" {protect, rF+}
rCold   . . .      Faith    .    J - +1 kite shield {AC+3}
rNeg    . . .      Spirit   .    (body armour unavailable)
rPois   .          Reflect  .    (helmet restricted)
rElec   .          Harm     .    T - +1 cloak
rCorr   .          Rampage  .    z - +1 pair of gloves
Will    ++...                    (no boots)
Stlth   ++                       k - amulet "Piagaibo" {RegenMP Will+ Regen+ Str+4 Dex-4}
HPRegen 1.27/turn                O - ring of see invisible
MPRegen 0.62/turn                L - ring of Itoejab {MP+9 Str+3 Slay+5}

@: mighty, under a protective aura, very slightly contaminated, wreathed by
umbra, studying Maces & Flails, lightly drained
A: breathe fire, AC +9, unfitting armour, fire resistance 1, cold-blooded
a: Breathe Fire, Renounce Religion, Recite, Vitalisation, Imprison, Sanctuary,
Donate Gold


You were on level 2 of the Swamp.
You worshipped Zin.
Zin was exalted by your worship.
You visited 5 branches of the dungeon, and saw 25 of its levels.
You also visited: Bailey.

You collected 3861 gold pieces.
You spent 2456 gold pieces at shops.
You donated 177 gold pieces to Zin.

Inventory:

Hand Weapons
 i - the +9 sling of the Squeaky God {flame, Int+3}
   (You found it on level 11 of the Dungeon)

   Int:       It affects your intelligence (+3).
 o - a +2 long sword of holy wrath
 E - the +9 long sword of Incongruity {flame, rC+}
   (You found it on level 4 of the Lair of Beasts)

   rC:        It protects you from cold.
 Q - the +10 scimitar "Firchaimm" (weapon) {protect, rF+}
   (You found it on level 1 of the Swamp)

   rF:        It protects you from fire.
Missiles
 c - 7 boomerangs of dispersal
 f - 36 boomerangs (quivered)
 s - a throwing net
 K - 10 curare-tipped darts
Armour
 z - a +1 pair of gloves (worn)
 J - a +1 kite shield of protection (worn)
 T - a +1 cloak (worn)
Jewellery
 j - a ring of protection from fire
 k - the amulet "Piagaibo" (around neck) {RegenMP Will+ Regen+ Str+4 Dex-4}
   (You acquired it on level 12 of the Dungeon)

   [amulet of magic regeneration]

   It increases your rate of magic regeneration.
   Str:       It affects your strength (+4).
   Dex:       It affects your dexterity (-4).
   Regen:     It increases your rate of health regeneration.
   Will:      It increases your willpower.
 v - a ring of poison resistance
 A - a ring of protection from fire
 C - a ring of fire
 D - a ring of protection from cold
 I - a ring of flight
 L - the ring of Itoejab (right hand) {MP+9 Str+3 Slay+5}
   (You bought it in a shop on level 2 of the Orcish Mines)

   [ring of magical power]

   Str:       It affects your strength (+3).
   Slay:      It affects your accuracy & damage with ranged weapons and melee
   (+5).
   MP:        It affects your magic capacity (+9).
 N - a ring of protection from cold
 O - a ring of see invisible (left hand)
 Y - a +5 ring of evasion
Wands
 w - a wand of charming (19)
 G - a wand of quicksilver (12)
 P - a wand of digging (10)
 R - a wand of iceblast (12)
 U - a wand of mindburst (11)
 Z - a wand of flame (10)
Scrolls
 a - 3 scrolls of enchant armour
 d - 2 scrolls of enchant weapon
 l - 6 scrolls of amnesia
 q - a scroll of butterflies
 x - 4 scrolls of fog
 y - 3 scrolls of magic mapping
 W - 3 scrolls of teleportation
 X - a scroll of brand weapon
Potions
 b - 3 potions of heal wounds
 e - 3 potions of flight
 g - 4 potions of brilliance
 h - a potion of haste
 m - 6 potions of curing
 p - 5 potions of resistance
 r - 3 potions of cancellation
 B - 2 potions of ambrosia
 H - a potion of berserk rage
 M - 3 potions of magic
 V - 2 potions of mutation
Miscellaneous
 F - a lightning rod (4/4)


   Skills:
 + Level 22.0 Fighting
 - Level 14.0 Long Blades
 - Level 0.8 Throwing
 - Level 16.2 Dodging
 - Level 0.7 Stealth
 + Level 9.1 Shields
 - Level 2.0 Spellcasting
 - Level 3.0 Translocations
 - Level 8.0 Invocations


You had 17 spell levels left.
You knew the following spells:

 Your Spells              Type           Power      Damage    Failure   Level
a - Blink                 Tloc           16%        N/A       28%         2

Your spell library contained the following spells:

 Spells                   Type           Power      Damage    Failure   Level
 Lesser Beckoning         Tloc           16%        N/A       28%         2
 Momentum Strike          Conj/Tloc      8%         3d8       45%         2
 Gell's Gravitas          Tloc           8%         N/A       50%         3
 Teleport Other           Tloc           8%         N/A       50%         3
 Kiss of Death            Conj/Necr      4%         2d5       54%         1
 Sting                    Tmut/Pois      4%         1d3       54%         1
 Poisonous Vapours        Pois/Air       2%         N/A       67%         2
 Sublimation of Blood     Necr           1%         N/A       67%         2
 Wereblood                Tmut           1%         N/A       67%         2
 Vhi's Electric Charge    Tloc/Air       8%         N/A       71%         3
 Kindle Blastsparks       Fire/Tloc/Air  6%         2d10      77%         3
 Ignite Poison            Fire/Tmut/Pois 1%         N/A       88%         3
 Mephitic Cloud           Conj/Pois/Air  1%         N/A       88%         3
 Ozocubu's Armour         Ice            1%         N/A       88%         3
 Manifold Assault         Tloc           8%         N/A       88%         4
 Airstrike                Air            0%         2d(1-17)  99%         4
 Anguish                  Hex/Necr       0%         N/A       99%         4
 Olgreb's Toxic Radiance  Pois           1%         N/A       99%         4
 Summon Lightning Spire   Summ/Air       1%         N/A       99%         4
 Agony                    Necr           1%         N/A       100%        5
 Alistair's Intoxication  Tmut/Pois      0%         N/A       100%        5
 Blade Hands              Tmut           0%         N/A       100%        5
 Borgnjor's Vile Clutch   Necr/Erth      0%         N/A       100%        5
 Fireball                 Conj/Fire      0%         3d3       100%        5
 Freezing Cloud           Conj/Ice/Air   0%         6-21      100%        5
 Irradiate                Conj/Tmut      0%         3d11      100%        5
 Lightning Bolt           Conj/Air       0%         1d11      100%        5
 Metabolic Englaciation   Hex/Ice        0%         N/A       100%        5
 Dispersal                Tloc           4%         N/A       100%        6
 Eringya's Noxious Bog    Tmut/Pois      0%         N/A       100%        6
 Simulacrum               Ice/Necr       0%         N/A       100%        6
 Dragon Form              Tmut           0%         N/A       100%        7
 Enfeeble                 Hex            0%         N/A       100%        7
 Malign Gateway           Summ/Tloc      2%         N/A       100%        7
 Summon Hydra             Summ           0%         N/A       100%        7
 Summon Horrible Things   Summ           0%         N/A       100%        8


Dungeon Overview and Level Annotations

Branches:
Dungeon (15/15)            Temple (1/1) D:5            Lair (5/5) D:11
  Swamp (2/4) Lair:2       Spider (0/4) Lair:3        Slime (0/5) Lair:5
    Orc (2/2) D:11            Elf (0/3) Orc:2        Vaults (0/5) D:13
 Depths (0/4) D:15         Bailey (visited)

Altars:
Ashenzari
Cheibriados
Dithmenos
Elyvilon
Fedhas
Gozag
Hepliaklqana
Kikubaaqudgha
Makhleb
Nemelex Xobeh
Okawaru
Qazlal
Ru
Sif Muna
Trog
Uskayaw
Vehumet
Wu Jian
Xom
Yredelemnul
Zin
The Shining One
Jiyva

Shops:
D:12 [?=:   D:13 ?   D:14 (*   D:15 !   Orc:1 [[   Orc:2 !?[=

Portals:
Abyss: Swamp:2

Annotations:
D:12 3 runed translucent doors, bronco's ghost, journeyman SpBr
Swamp:2 1 transporter


Innate Abilities, Weirdness & Mutations

You can breathe blasts of fire.
Your fiery red scales are hard. (AC +9)
You cannot fit into any form of body armour.
Your flesh is heat resistant. (rF+)
You are cold-blooded and may be slowed by cold attacks.


Message History

The profane servitor hits you with a +3 whip of pain.
You writhe in agony!
You slice the profane servitor!!
The profane servitor is severely damaged.
The profane servitor hits you with a +3 whip of pain.
The profane servitor draws strength from your injuries!
You writhe in agony!
* * * LOW HITPOINT WARNING * * *
The profane servitor hits you but does no damage.
You writhe in agony!
* * * LOW HITPOINT WARNING * * *
You completely miss the profane servitor.
Your tail-slap misses the profane servitor.
The profane servitor is severely damaged.
The profane servitor hits you with a +3 whip of pain.
* * * LOW HITPOINT WARNING * * *
The profane servitor draws strength from your injuries!
You writhe in agony!
* * * LOW HITPOINT WARNING * * *
The profane servitor hits you but does no damage.
You writhe in agony.
* * * LOW HITPOINT WARNING * * *
Okay, then.
Okay, then.
Casting: Blink (mildly dangerous; 28% risk of failure)
Confirm with . or Enter, or press ? or * to list all spells.
You miscast Blink.
You are very lightly contaminated with residual magic.
Nothing appears to happen.
The profane servitor hits you but does no damage.
The profane servitor completely misses you.
The profane servitor hits you but does no damage.
The profane servitor hits you with a +3 whip of pain.
* * * LOW HITPOINT WARNING * * *
You writhe in agony!
* * * LOW HITPOINT WARNING * * *
You miss the profane servitor.
The profane servitor is severely damaged.
The profane servitor hits you with a +3 whip of pain!
You die...

♣♣~~.♣♣♣♣..##..#♣##.#..##......~.
.♣♣..♣♣♣...#..#.....^..#©....~.~.
>~.~.♣~....##..#.###...###...~...
~~~~.~......##..##©###..^##...~..
~~~.~~~.~.(.##.^#....##.#.#.....~
§~<.~.♣♣~..##.#∩###...##..#..~...
..?~~§♣♣♣..#..^.#.##..##.##..§..§
~§~~~.♣♣♣..##?©.♣.:#..##.#......~
.~~~~..♣♣...####@A##..##.#...♣...
.~~♣~§..♣......####....###..=♣♣♣.
~~♣~~~~.♣.......##....(......♣ ♣♣
.~♣~~~~~♣....................♣
~~~..~~.~....................♣
.~..♣♣~.~.♣♣♣♣♣♣♣.~..~♣♣♣♣♣.♣♣
~~~♣♣♣♣..♣♣ ♣♣.§..~~~.♣♣♣..♣♣
..~♣ ♣...♣♣ ♣..~~~~~~~.~..♣.♣♣
~~♣♣ ♣♣.♣.♣♣♣.~~...~♣~§~.♣♣♣.♣♣


You could see a profane servitor.

Vanquished Creatures
  Rupert (Lair:4)
  The ghost of Iffuusoj the Severer, an adept MiBe of Trog (Swamp:2)
  A fire giant (D:13)
  3 orc warlords
  Nessos (D:14)
  An eleionoma (Swamp:1)
  Azrael (Orc:2)
  A bunyip (Swamp:1)
  A fire dragon (Lair:4)
  7 hydras
  Fannar (D:12)
  A spriggan air mage (Swamp:2)
  2 ogre magi
  A catoblepas (Lair:5)
  Erolcha (Orc:2)
  Erica (D:8)
  5 centaur warriors
  A boulder beetle (D:15)
  2 alligators (Swamp:1)
  5 tengu warriors
  10 two-headed ogres
  6 death yaks (Lair:5)
  A death knight (D:14)
  The ghost of mampy3000 the Grappler, a novice TrBe of Trog (D:8)
  Urug (Lair:5)
  Nergalle (Orc:2)
  A wretched star (Swamp:2)
  A goliath frog (Swamp:2)
  3 skeletal warriors
  2 glowing orange brains (Swamp:2)
  3 bog bodies
  Pikel (D:6)
  3 spriggan druids (Swamp:2)
  A lindwurm (Lair:5)
  A phantasmal warrior (D:14)
  3 deep elf pyromancers
  A deep elf zephyrmancer (D:15)
  4 swamp dragons
  2 wizards
  4 orc knights
  21 ugly things
  An oklob plant (Lair:2)
  The ghost of Nabski the Destroyer, a novice TeFE of Sif Muna (D:8)
  A necromancer (D:15)
  9 orc sorcerers
  A cyclops (D:14)
  A salamander (shapeshifter) (D:12)
  13 elephants
  5 black mambas
  14 cane toads
  2 naga magi (D:15)
  6 centaur skeletons
  16 rime drakes
  2 unseen horrors
  5 kobold demonologists (D:12)
  8 komodo dragons
  2 yaktaurs (D:13)
  2 tengu conjurers
  6 trolls
  8 polar bears
  7 tyrant leeches
  11 hornets
  34 blink frogs
  11 dream sheep
  Sigmund (D:6)
  7 slime creatures
  A wraith (D:14)
  2 centaur simulacra (D:15)
  A vampire (D:9)
  20 spriggans
  3 fire elementals (Orc:2)
  43 yaks
  A water elemental (D:13)
  4 wyverns
  A shadow (D:13)
  8 steam dragons
  13 vampire mosquitoes
  Grum (D:8)
  8 basilisks
  6 swamp worms
  2 acid dragons
  Edmund (D:6)
  An acid dragon (shapeshifter) (D:15)
  13 water moccasins
  9 wargs
  A hell hound (Orc:2)
  22 orc warriors
  3 swamp drakes
  A meliai simulacrum (D:15)
  6 ice beasts
  2 black bears (shapeshifter)
  6 black bears
  14 ogres
  4 boggarts (Lair:5)
  50 wolves
  12 centaurs
  2 phantoms (D:5)
  6 kobold brigands
  12 bullfrogs
  A gnoll sergeant (D:7)
  A necrophage (D:5)
  15 killer bees
  A vampire bat (D:8)
  3 howler monkeys
  7 electric eels
  3 jellies
  15 orc priests
  3 hounds
  2 gnoll boudas
  7 iguanas
  30 orc wizards
  A boggart skeleton (D:15)
  22 gnolls
  7 adders
  3 white imps
  5 ufetubi
  A worm (D:2)
  4 dart slugs
  65 orcs
  7 ball pythons
  4 bat skeletons (D:8)
  A bat zombie (D:8)
  5 endoplasms
  3 giant cockroaches
  21 goblins
  11 hobgoblins
  3 quokkas
  6 bats
  3 frilled lizards
  36 kobolds
  4 rats
862 creatures vanquished.

Vanquished Creatures (collateral kills)
  2 gnolls (D:7)
2 creatures vanquished.

Vanquished Creatures (others)
  A rime drake (Lair:4)
  A bloated husk (Swamp:2)
  A hornet (Swamp:1)
  A raiju (Swamp:2)
  An orc warrior (D:15)
  A wolf (D:8)
  2 kobolds (D:12)
  3 bushes
  70 fungi
  104 plants
  6 withered plants (D:8)
191 creatures vanquished.

Grand Total: 1055 creatures vanquished

Notes
Turn   | Place    | Note
-------+----------+-------------------------------------------
     0 | D:1      | ASSMAN the Draconian Warper began the quest for the Orb.
     0 | D:1      | Reached XP level 1. HP: 17/17 MP: 3/3
   123 | D:1      | Reached XP level 2. HP: 24/25 MP: 5/5
   305 | D:1      | You fall into a shaft and drop 1 floor!
   372 | D:2      | Reached XP level 3. HP: 30/30 MP: 6/6
   605 | D:2      | Found a faded altar of an unknown god.
   634 | D:2      | Prayed at the altar of an unknown god.
   634 | D:2      | Became a worshipper of Zin the Law-Giver
   634 | D:2      | Reached * piety under Zin
   811 | D:2      | Reached ** piety under Zin
   842 | D:2      | Identified the +3 hand axe "Tilaru" {flame, Fly rCorr
                  | Str-3}
   916 | D:2      | Reached XP level 4. HP: 29/37 MP: 7/7
  1532 | D:3      | Reached skill level 3 in Fighting
  1532 | D:3      | Reached skill level 1 in Invocations
  1647 | D:3      | Learned a level 2 spell: Blink
  1707 | D:3      | Reached XP level 5. HP: 30/45 MP: 8/8
  1950 | D:2      | Zin protects you from harm!
  2516 | D:3      | Reached skill level 5 in Long Blades
  2756 | D:3      | Reached XP level 6. HP: 49/52 MP: 9/9
  3241 | D:3      | Found a blossoming altar of Fedhas.
  3271 | D:3      | Found a hazy altar of Hepliaklqana.
  3405 | D:4      | Found an iron altar of Okawaru.
  3427 | D:5      | Entered Level 5 of the Dungeon
  3473 | D:4      | Reached skill level 4 in Fighting
  3664 | D:4      | Reached *** piety under Zin
  4615 | D:5      | Noticed a steam dragon
  4627 | D:5      | Killed a steam dragon
  4628 | D:5      | Reached skill level 5 in Fighting
  4628 | D:5      | Your scales start taking on a fiery red colour.
  4628 | D:5      | Reached XP level 7. HP: 51/61 MP: 10/10
  4628 | D:5      | Gained mutation: Your flesh is heat resistant. (rF+) [Red
                  | Draconian growth]
  4919 | D:5      | Reached skill level 6 in Fighting
  5253 | D:5      | Reached XP level 8. HP: 71/71 MP: 11/11
  5273 | D:5      | Found a staircase to the Ecumenical Temple.
  5501 | Temple   | Entered the Ecumenical Temple
  5692 | D:5      | Reached **** piety under Zin
  6169 | D:6      | Reached skill level 7 in Fighting
  6909 | D:6      | Noticed Pikel
  6931 | D:6      | Killed Pikel
  6932 | D:6      | Reached skill level 8 in Fighting
  6932 | D:6      | Reached XP level 9. HP: 44/82 MP: 12/12
  7238 | D:6      | Noticed Edmund
  7239 | D:6      | Noticed Sigmund
  7250 | D:6      | Killed Edmund
  7252 | D:6      | Killed Sigmund
  7253 | D:6      | Reached skill level 9 in Fighting
  7741 | D:7      | Noticed a troll
  8235 | D:7      | Killed a troll
  8502 | D:7      | Reached skill level 10 in Fighting
  8502 | D:7      | Reached skill level 10 in Long Blades
  8675 | D:7      | Reached ***** piety under Zin
  9384 | D:8      | Found an ancient bone altar of Kikubaaqudgha.
  9619 | D:8      | Noticed Grum
  9631 | D:8      | Noticed Erica
  9636 | D:8      | Killed Grum
  9637 | D:8      | Reached XP level 10. HP: 47/94 MP: 13/13
  9913 | D:8      | Found a runed translucent gate.
  9914 | D:8      | Found a runed translucent gate.
  9914 | D:8      | Found a runed translucent gate.
  9915 | D:8      | Noticed Nabski's ghost (novice TeFE)
  9915 | D:8      | Noticed mampy3000's ghost (novice TrBe)
  9943 | D:8      | Reached skill level 11 in Fighting
 10321 | D:8      | Killed Erica
 10719 | D:9      | Reached skill level 12 in Fighting
 11146 | D:9      | Found a flagged portal.
 11170 | Bailey   | Entered a bailey
 11175 | Bailey   | Noticed an orc warlord
 11619 | Bailey   | Found a runed translucent gate.
 11622 | Bailey   | Found a runed translucent gate.
 11623 | Bailey   | Found a runed translucent gate.
 12239 | Bailey   | Killed an orc warlord
 12458 | Bailey   | Got Sif Muna's Information on Vile Striking
 12459 | Bailey   | Reached XP level 11. HP: 105/105 MP: 14/14
 12585 | D:9      | Noticed a two-headed ogre
 12595 | D:9      | Killed a two-headed ogre
 12596 | D:9      | Reached XP level 12. HP: 82/113 MP: 15/15
 12739 | D:9      | Reached skill level 13 in Fighting
 12836 | D:10     | Entered Level 10 of the Dungeon
 13411 | D:10     | Noticed a two-headed ogre
 13420 | D:10     | Killed a two-headed ogre
 13780 | D:11     | Noticed a two-headed ogre
 13785 | D:11     | Killed a two-headed ogre
 13919 | D:11     | Noticed a two-headed ogre
 13933 | D:11     | Killed a two-headed ogre
 14048 | D:11     | Reached ****** piety under Zin
 14079 | D:11     | Noticed a two-headed ogre
 14096 | D:11     | Killed a two-headed ogre
 14097 | D:11     | Reached skill level 14 in Fighting
 14162 | D:11     | Noticed a two-headed ogre
 14171 | D:11     | Killed a two-headed ogre
 14522 | D:11     | Noticed a two-headed ogre
 14525 | D:11     | Noticed a centaur warrior
 14528 | D:11     | Killed a two-headed ogre
 14530 | D:11     | Noticed a tengu warrior
 14541 | D:11     | Killed a centaur warrior
 14542 | D:11     | Reached skill level 15 in Fighting
 14551 | D:11     | Found a staircase to the Lair.
 14556 | D:11     | Identified the +9 sling of the Squeaky God {flame, Int+3}
 14805 | D:11     | Found a staircase to the Orcish Mines.
 15117 | D:11     | Killed a tengu warrior
 15893 | Lair:1   | Entered Level 1 of the Lair of Beasts
 15913 | Lair:1   | Reached XP level 13. HP: 109/127 MP: 16/16
 16351 | Lair:1   | Reached skill level 5 in Invocations
 16456 | Lair:1   | Reached skill level 16 in Fighting
 17870 | Lair:2   | Found a staircase to the Swamp.
 19583 | Lair:2   | Reached skill level 17 in Fighting
 20804 | Lair:3   | Found an ancient bone altar of Kikubaaqudgha.
 20870 | Lair:3   | Found a hole to the Spider Nest.
 22205 | Lair:4   | Reached skill level 18 in Fighting
 22335 | Lair:4   | Reached XP level 14. HP: 129/143 MP: 20/20
 23842 | Lair:4   | Reached skill level 19 in Fighting
 24118 | Lair:4   | Found the +9 scales of the Dragon King {rPois rF+ rC+
                  | Will+}
 24120 | Lair:4   | Identified the +9 long sword of Incongruity {flame, rC+}
 24475 | Lair:4   | Noticed Rupert
 24550 | Lair:4   | Paralysed by Rupert for 4 turns
 24569 | Lair:4   | Killed Rupert
 25008 | Lair:5   | Entered Level 5 of the Lair of Beasts
 25008 | Lair:5   | Found a viscous altar of Jiyva.
 25008 | Lair:5   | Found a staircase to the Slime Pits.
 25009 | Lair:5   | Noticed Urug
 25547 | Lair:5   | Killed Urug
 25687 | Lair:5   | Reached skill level 20 in Fighting
 26370 | Lair:5   | HP: 5/149 [polar bear (17)]
 26370 | Lair:5   | HP: 1/149 [polar bear (4)]
 26377 | Lair:5   | HP: 7/149 [polar bear (4)]
 26944 | Lair:5   | Reached skill level 21 in Fighting
 27849 | Lair:5   | Reached XP level 15. HP: 149/158 MP: 21/21
 28818 | D:12     | Found Diclyq's Book Shoppe.
 29061 | D:12     | Found Kumeheun's Jewellery Shoppe.
 29144 | D:12     | Found Oczer's Armour Shoppe.
 29267 | D:12     | Noticed bronco's ghost (journeyman SpBr)
 29283 | D:12     | Found Haurch's Magic Scroll Emporium.
 29286 | D:12     | Bought a scroll of acquirement for 572 gold pieces
 29286 | D:12     | Bought a scroll of acquirement for 572 gold pieces
 29286 | D:12     | Bought a scroll of identify for 22 gold pieces
 29286 | D:12     | Bought a scroll of identify for 22 gold pieces
 29286 | D:12     | Bought a scroll of teleportation for 33 gold pieces
 29286 | D:12     | Bought a scroll of teleportation for 33 gold pieces
 29286 | D:12     | Bought a scroll of teleportation for 33 gold pieces
 29291 | D:12     | Acquired the amulet "Piagaibo" {RegenMP Will+ Regen+ Str+4
                  | Dex-4}
 29293 | D:12     | Acquired a manual of Dodging
 29451 | D:12     | Found a runed translucent gate.
 29452 | D:12     | Found a runed translucent gate.
 29454 | D:12     | Found a runed translucent gate.
 29513 | D:12     | Noticed Fannar
 29529 | D:12     | Killed Fannar
 29530 | D:12     | Reached skill level 1 in Shields
 29809 | Orc:1    | Entered Level 1 of the Orcish Mines
 29817 | Orc:1    | Found Beefarph's Antique Armour Boutique.
 29826 | Orc:1    | Found Joiroifolu's Antique Armour Emporium.
 30382 | Orc:1    | You fall into a shaft and drop 1 floor!
 30382 | Orc:2    | Entered Level 2 of the Orcish Mines
 30456 | Orc:1    | Found Ykkeeb's Assorted Antiques.
 30675 | Orc:2    | Paralysed by an orc sorcerer for 3 turns
 30815 | Orc:2    | Reached skill level 10 in Dodging
 31012 | Orc:2    | Noticed Azrael
 31045 | Orc:2    | Killed Azrael
 31161 | Orc:2    | Found a burning altar of Makhleb.
 31170 | Orc:2    | Found a staircase to the Elven Halls.
 31864 | Orc:2    | Found Serariru's Magic Scroll Shoppe.
 31914 | Orc:2    | Found an ancient bone altar of Kikubaaqudgha.
 31914 | Orc:2    | Noticed Nergalle
 31935 | Orc:2    | Killed Nergalle
 31947 | Orc:2    | Found Qiqurchy's Jewellery Shoppe.
 31957 | Orc:2    | Noticed Erolcha
 31974 | Orc:2    | Killed Erolcha
 32006 | Orc:2    | Bought the ring of Itoejab {MP+9 Str+3 Slay+5} for 814 gold
                  | pieces
 32064 | Orc:2    | Found Joso's Distillery.
 32072 | Orc:2    | Found Uchel's Antique Armour Emporium.
 32088 | Orc:2    | Bought a runed cloak for 195 gold pieces
 32103 | Orc:2    | Found a radiant altar of Vehumet.
 32614 | D:8      | Killed Nabski's ghost
 32620 | D:8      | Killed mampy3000's ghost
 32974 | D:13     | Noticed a fire giant
 32985 | D:13     | Killed a fire giant
 33488 | D:13     | Reached skill level 5 in Shields
 33765 | D:13     | Found a gate to the Vaults.
 33862 | D:13     | Found Kuiwas's Magic Scroll Shoppe.
 34642 | D:14     | Reached XP level 16. HP: 132/168 MP: 22/22
 35094 | D:14     | Noticed Nessos
 35113 | D:14     | Killed Nessos
 35412 | D:14     | Found Baometez's Antique Weapon Shop.
 35498 | D:14     | Found Zenimex's General Store.
 35605 | D:15     | Entered Level 15 of the Dungeon
 35844 | D:15     | Found Esaonuse's Distillery.
 35844 | D:15     | Identified the +8 sling "Ziyjus" {heavy, Fragile +Blink rC+
                  | SInv}
 35867 | D:15     | Reached skill level 15 in Dodging
 35870 | D:15     | Bought 2 potions of might for 160 gold pieces
 36565 | D:15     | Found a staircase to the Depths.
 36944 | Swamp:1  | Entered Level 1 of the Swamp
 37589 | Swamp:1  | Identified the +10 scimitar "Firchaimm" {protect, rF+}
 38060 | Swamp:2  | Found a transporter.
 38116 | Swamp:2  | Found a transporter.
 38117 | Swamp:2  | Found a one-way gate to the infinite horrors of the Abyss.
 38117 | Swamp:2  | Noticed Iffuusoj's ghost (adept MiBe)
 38498 | Swamp:2  | Reached skill level 22 in Fighting
 38522 | Swamp:2  | Killed Iffuusoj's ghost
 38633 | Swamp:2  | Noticed a profane servitor
 38654 | Swamp:2  | Slain by a profane servitor

Illustrated notes

Levels and vault maps discovered:
D:1:      onia_arrival_mini_spirals, layout_rooms, minmay_misc_feat_alley,
          nicolae_concentric_dashed_squares_wild, chequers_hall_statues_corner_a
D:2:      kennysheep_the_goblin_king, layout_loops_ring,
          hellmonk_ecumenical_altar_defaced_shrine, kennysheep_doodads,
          minmay_misc_feat_ornament, hangedman_decor_clover_reticule,
          nicolae_half_adder
D:3:      layout_loops_cross, mainiacjoe_overflow_two_lobes
D:4:      layout_gridville, okawaru_ov_weapons_minmay
D:5:      layout_basic, minmay_temple_entry_overgrown, hangedman_glass_teeth
D:6:      layout_loops_corners, sigmund_edmund_badplayer, uniq_pikel,
          uniq_sigmund
D:7:      layout_rooms
D:8:      layout_loops_ring, kennysheep_vampire_church,
          gammafunk_ghost_cemetery, uniq_grum, uniq_erica
D:9:      layout_rooms, enter_bailey_4
D:10:     layout_basic, serial_aquarium, aquarium_bridge_square
          [aquarium_subvault_bridge, aquarium_subvault_bridge,
          aquarium_subvault_wall, aquarium_subvault_window], aquarium_window_2,
          aquarium_window_3, aquarium_view_2b
D:11:     layout_rooms, due_lair_maze_entry_diamond,
          minmay_orc_entry_temple_small, nzn_random_ring
D:12:     layout_gridville, gammafunk_ghost_split, serial_shops, shop_fountains,
          shop, nicolae_shop_hallway_stairs, kennysheep_mini, uniq_fannar
D:13:     layout_basic, hangedman_vaults_entry_quadrant_bands, serial_shops,
          shop_fountains, kennysheep_island_fort
D:14:     layout_basic, serial_shops, nicolae_square_shop,
          chequers_serial_rivers_small_3, nicolae_take_the_stairs,
          lemuel_old_faithful, uniq_nessos
D:15:     grunt_enter_depths_magical_seal, layout_cave_pools, serial_ice,
          serial_ice_h, serial_ice_n, serial_ice_o, serial_ice_i, serial_shops,
          shop, nicolae_two_hexagons, grunt_decor_resistance
Temple:   eino_narrow_crystal_temple
Lair:1:   layout_loops_ring, gauntlet_entry_generic, grunt_megastairs_3
Lair:2:   layout_loops_ring, swamp_mist
Lair:3:   layout_layer_cave, spider_nest_entry_web_field, basic_altar,
          lemuel_fruit_tree
Lair:4:   layout_cave_pods, bobbens_dragon_lair_wall, grunt_megastairs_1,
          lemuel_fruit_fields, serial_bayou_shore_b, uniq_rupert
Lair:5:   minmay_lair_end_enchanted_forest, layout_concentric_octagons,
          slime_entry_1, hibernation_bobbens, uniq_urug
Swamp:1:  layout_basic_swamp, evilmike_swamp_ruin_rubble_1,
          infiniplex_staircase_pool
Swamp:2:  layout_falls_marsh, gammafunk_ghost_abyssal_escape,
          hangedman_swamp_ruin_wall
Orc:1:    layout_diamond_mine, serial_shops, shop_coins,
          nicolae_shop_hallway_plus, shop_statue
Orc:2:    kennysheep_orc_mage_school, layout_diamond_mine, basic_altar,
          uniq_azrael

Skill      XL: |  1  2  3  4  5  6  7  8  9 10 11 12 13 14 15 16 |
---------------+-------------------------------------------------+-----
Long Blades    | 3 4 5 6 7 8 10 12 14 | 14.0
Fighting       | 3 5 6 8 10 12 15 18 21 22 | 22.0
Invocations    | 1 3 8 |  8.0
Dodging        | 8 14 16 | 16.2
Shields        | 6 9 |  9.1
Throwing       | |  0.8
Stealth        | |  0.7
Spellcasting   | |  2.0
Translocations | |  3.0

Action                     |  1- 3 |  4- 6 |  7- 9 | 10-12 | 13-15 | 16-18 || total
---------------------------+-------+-------+-------+-------+-------+-------++-------
  Melee: Falchion          |   113 |    57 |       |       |       |       ||   170
         Tailslap          |     4 |    25 |    66 |    75 |   339 |    89 ||   598
         Punch             |       |     2 |     6 |    11 |    12 |       ||    31
         Long sword        |       |   168 |   328 |    35 |  1105 |   376 ||  2012
         Scimitar          |       |       |       |   466 |   712 |   165 ||  1343
  Throw: Dart              |       |     3 |     7 |     1 |       |       ||    11
         Boomerang         |       |       |     9 |    19 |     1 |       ||    29
   Cast: Blink             |       |       |       |       |     2 |       ||     2
 Invoke: Recite            |       |     2 |     1 |     1 |       |       ||     4
Ability: Breathe Fire      |       |       |    20 |    21 |     8 |       ||    49
  Evoke: Wand              |       |       |     5 |    20 |     8 |       ||    33
    Use: Scroll            |       |     4 |     4 |     9 |    22 |     3 ||    42
         Potion            |       |     1 |     3 |     6 |     9 |     8 ||    27
   Stab: Sleeping          |     1 |     6 |     1 |     1 |     5 |       ||    14
         Distracted        |       |     1 |       |     1 |     2 |     1 ||     5
         Invisible         |       |       |       |       |     7 |       ||     7
         Confused          |       |       |       |       |       |     1 ||     1
 Armour: Skin              |    36 |    81 |    84 |   149 |   469 |   192 ||  1011
  Dodge: Dodged            |    74 |   176 |   204 |   375 |  1172 |   415 ||  2416
  Block: Buckler           |       |       |       |       |   175 |     3 ||   178
         Kite shield       |       |       |       |       |       |   330 ||   330

Table legend: (Time is in decaauts)
 A = Elapsed time spent in this place.
 B = Non-inter-level travel time spent in this place.
 C = Inter-level travel time spent in this place.
 D = Time resting spent in this place.
 E = Time spent auto-exploring this place.
 F = Levels seen in this place.
 G = Mean time per level.
                   A        B        C        D        E       F      G
               +--------+--------+--------+--------+--------+-----+--------+
         Total |  38175 |  36438 |   1737 |  10576 |  19353 |  26 | 1468.3 |
       Dungeon |  20347 |  19176 |   1171 |   4569 |  11272 |  15 | 1356.5 |
        Temple |    177 |    166 |     11 |      0 |    156 |   1 |  177.0 |
          Lair |  12230 |  11845 |    385 |   4448 |   5646 |   5 | 2446.0 |
         Swamp |   1757 |   1751 |      6 |    322 |    964 |   2 |  878.5 |
  Orcish Mines |   2355 |   2192 |    163 |    554 |   1075 |   2 | 1177.5 |
        Bailey |   1305 |   1305 |      0 |    682 |    238 |   1 | 1305.0 |
               +--------+--------+--------+--------+--------+-----+--------+

Top non-repeatable levels by time:
  Lair:4: 3533 daAuts
  Lair:5: 3085 daAuts
    D:11: 2842 daAuts
  Lair:2: 2663 daAuts
     D:6: 1812 daAuts
     D:2: 1782 daAuts
     D:8: 1772 daAuts
  Lair:3: 1574 daAuts
   Orc:2: 1453 daAuts
     D:5: 1453 daAuts
    D:14: 1410 daAuts
  Lair:1: 1373 daAuts
     D:3: 1343 daAuts
  Bailey: 1305 daAuts
    D:12: 1208 daAuts
